Unix NetHack Version 3.7.0-66 Work-in-progress - last build Dec 26 2022 16:50:54 (55254d10815e23f0e7c0ebc937178fe17f3ffff8,branch:master). Game began 2023-01-11 13:09:53, ended 2023-01-13 03:29:28. Zega, neutral female gnomish Healer ---- ------- ...D.. .%....(. .)%*.... ...----)- ... ....%....-- .A. .... ....%.-- .). ..........| ..... ... ----- 44..5 4 B.@AA -----D----- ---.B..@....--- |...@..AAA....| |@ ----.----@.| | D|@......| | |.......| |...@...| |....@..| @ @|.......| A ---------D A Q Zega the Medica ossium St:18/25 Dx:15 Co:18 In:13 Wi:18 Ch:18 Neutral S:757365 Astral Plane $:0 HP:249(249) Pw:128(128) AC:-26 Xp:15/171066 T:46794 Latest messages: The soldier ant bites the fire ant. The soldier ant misses the fire ant. The renegade Angel of Hermes swings her long sword at the Angel of Athena. The renegade Angel of Hermes misses the Angel of Athena. The renegade Angel of Hermes swings her long sword at the Angel of Athena. The renegade Angel of Hermes hits the Angel of Athena. The renegade Angel of Hermes hits the Angel of Athena. The invisible Angel of Poseidon swings his long sword at the renegade Angel of Hermes. The invisible Angel of Poseidon hits the renegade Angel of Hermes. The invisible Angel of Poseidon swings his long sword at the renegade Angel of Hermes. The invisible Angel of Poseidon misses the renegade Angel of Hermes. The invisible Angel of Poseidon hits the renegade Angel of Hermes. You hear a chugging sound. The priest of Moloch casts a spell! The Angel of Moloch points at you, then curses. "I should fart in thy direction, but it might improve thy smell!" What do you want to zap? [ce-hkmnrtyC-EHJPVYZ or ?*] ? In what direction? n The door crashes open! The soldier ant misses the fire ant. The soldier ant misses the fire ant. The high priest intones: "Pilgrim, you enter a sacred place!" The fire ant bites the soldier ant. The fire ant misses the soldier ant. The soldier ant bites the fire ant. The soldier ant misses the fire ant. The invisible priest of Athena swings his mace at the fire ant. The invisible priest of Athena hits the fire ant. The fire ant is killed! The high priest wields a mace! The sergeant wields a mace! The sergeant turns to flee. The invisible priest of Athena swings his mace at the gold dragon. The invisible priest of Athena hits the gold dragon. The invisible priest of Athena hits the gold dragon. You hear a mumbled curse. There is a high altar to Hermes (neutral) here. What do you want to sacrifice? [F or ?*] ? You offer the Amulet of Yendor to Hermes... An invisible choir sings, and you are bathed in radiance... The voice of Hermes rings out: "Mortal, thou hast done well!" "In return for thy service, I grant thee the gift of Immortality!" You ascend to the status of Demigoddess... Do you want your possessions identified? [ynq] (y) y Do you want to see your attributes? [ynq] (y) y Do you want an account of creatures vanquished? [ynaq] (y) n Do you want a list of species genocided and extinct? [ynq] (y) n Do you want to see your conduct and achievements? [ynq] (y) y Do you want to see the dungeon overview? [ynq] (y) y Inventory: Amulets a - an uncursed amulet of flying x - an uncursed amulet of life saving v - the blessed Eye of the Aethiopica (being worn) Weapons w - the blessed +6 Staff of Aesculapius (weapon in hands) Armor N - a blessed thoroughly burnt +5 elven leather helm (being worn) W - a blessed very burnt +4 pair of gauntlets of dexterity (being worn) O - a blessed fireproof +5 pair of speed boots (being worn) u - an uncursed fireproof +0 cloak of displacement (being worn) j - an uncursed thoroughly burnt +4 leather cloak K - a blessed +4 silver dragon scale mail (being worn) Comestibles M - 24 uncursed meatballs d - an uncursed homemade tin of nurse meat T - an uncursed lizard corpse Scrolls o - a cursed scroll of teleportation Rings U - an uncursed ring of conflict (on left hand) I - a cursed ring of free action (on right hand) l - an uncursed ring of levitation S - an uncursed +2 ring of protection L - an uncursed ring of slow digestion X - an uncursed ring of teleport control Wands t - a cursed wand of cancellation (0:4) c - a wand of cold (0:6) k - a blessed wand of death (1:2) H - a wand of death (0:1) Z - a wand of digging (0:4) g - a wand of digging (2:0) m - a wand of digging (2:0) J - a cursed wand of digging (1:0) f - a wand of enlightenment (0:4) h - a wand of fire (2:5) Y - a wand of lightning (0:8) y - a cursed wand of magic missile (0:5) V - a wand of sleep (0:6) E - a wand of sleep (0:4) e - a blessed wand of striking (0:7) P - a wand of striking (0:6) D - a wand of striking (0:1) C - a cursed wand of striking (0:1) r - a wand of teleportation (0:4) n - a wand of teleportation (0:2) Tools i - a blessed bag of holding containing 56 items B - an uncursed bugle R - the Bell of Opening (0:0) b - an uncursed blindfold p - the cursed Candelabrum of Invocation (0 of 7 candles attached) G - a magic marker (1:4) A - an uncursed oil lamp q - an uncursed skeleton key s - an uncursed stethoscope z - a blessed +1 unicorn horn Gems/Stones Q - a blessed luckstone Contents of the bag of holding: 14136 gold pieces an uncursed amulet of life saving a thoroughly rusty +2 dagger a cursed -2 Hawaiian shirt with a hula dancer motif 5 uncursed food rations 2 uncursed lembas wafers 14 uncursed meatballs an uncursed lizard corpse 2 blessed scrolls of blank paper 2 uncursed scrolls of blank paper 5 cursed scrolls of blank paper an uncursed scroll of confuse monster an uncursed scroll of create monster 2 cursed scrolls of create monster an uncursed scroll of destroy armor an uncursed scroll of earth 3 uncursed scrolls of enchant weapon an uncursed scroll of fire an uncursed scroll of gold detection 2 blessed scrolls of identify 3 uncursed scrolls of identify an uncursed scroll of teleportation an uncursed scroll of teleportation a cursed scroll of teleportation an uncursed spellbook of blank paper a blessed spellbook of extra healing a blessed spellbook of healing a blessed spellbook of identify a blessed spellbook of stone to flesh a cursed potion of blindness an uncursed potion of enlightenment a blessed potion of extra healing a blessed potion of full healing an uncursed potion of gain level an uncursed potion of healing an uncursed potion of invisibility an uncursed potion of invisibility an uncursed potion of paralysis an uncursed potion of sleeping an uncursed potion of speed 2 potions of holy water 2 uncursed potions of water an uncursed ring of conflict a cursed ring of conflict an uncursed +1 ring of increase accuracy an uncursed ring of levitation an uncursed ring of teleport control a wand of digging (0:7) a wand of digging (0:6) a wand of digging (0:0) a wand of magic missile (0:7) a wand of speed monster (0:6) a wand of striking (0:3) a wand of teleportation (0:4) a wand of teleportation (0:3) a wand of wishing (1:0) Zega the Healer's attributes: Background: You were a Medica ossium, a level 15 female gnomish Healer. You were neutral, on a mission for Hermes who was opposed by Athena (lawful) and Poseidon (chaotic). You were in the endgame, on the Astral Plane. You entered the dungeon 46794 turns ago. It was nighttime. You had 171066 experience points, 148934 more were needed to attain level 16. Your score was 757365 before end-of-game adjustments. Basics: You had all 249 hit points. You had all 128 energy points (spell power). Your armor class was -26. Your wallet was empty, but you had 14136 zorkmids stashed away in your pack. Autopickup was on for '$"=/!?' plus thrown. FinalCharacteristics: Your strength was 18/25 (peak:18/26, limit:18/50). Your dexterity was 15 (base:11, peak:13, limit:18). Your constitution was 18 (limit:18). Your intelligence was 13 (limit:19). Your wisdom was 18 (limit:18). Your charisma was 18 (limit:18). Final Status: You were not hungry. You were unencumbered. You were wielding a quarterstaff. You had expert skill with quarterstaff. Final Attributes: You were piously aligned. You were magic-protected. You were fire resistant. You were cold resistant. You were sleep resistant. You were disintegration resistant. You were shock resistant. You were poison resistant. You were level-drain resistant. You saw invisible. You were telepathic. You were warned. You had infravision. You were displaced. You caused conflict. You regenerated. You had a moderate defense bonus (+7). You were warded. You took half spell damage. You were very fast. You had reflection. You had free action. You were lucky. You had extra luck. Good luck did not time out for you. You survived after being killed twice. Miscellaneous: You disabled loading of bones levels. Total elapsed playing time was 14 hours, 54 minutes and 1 second. Major events: Turn 1: Zega the neutral female gnomish Healer entered the dungeon 630: entered the Gnomish Mines 984: reached Mine Town 1352: attained the rank of Empiric (level 3) 2933: read a Discworld novel 3036: attained the rank of Embalmer (level 6) 4015: entered Sokoban 4248: completed 1st Sokoban level 5538: completed 2nd Sokoban level 6082: completed 3rd Sokoban level 8240: attained the rank of Dresser (level 10) 9005: completed 4th Sokoban level 9133: acquired the Sokoban bag of holding 10944: performed her first genocide (class L) 10946: genocided class h 16215: averted death (killed by a mountain centaur) 26476: averted death (killed by a minotaur) 26749: killed Medusa 28580: entered Gehennom 29411: made her first wish - "the blessed greased fixed eye of the aethiopica", got "a greased circular amulet named the Eye of the Aethiopica" 30128: was bestowed with Giantslayer by Hermes 34562: attained the rank of Medica ossium (level 14) 36420: wished for "2 holy charging", got "2 scrolls labeled ELAM EBOW" 36421: wished for "blessed wand of death", got "a pine wand" 36463: killed the Cyclops 36465: found the Staff of Aesculapius on the floor 36527: acquired the Bell of Opening 36906: wished for "blessed magic marker", got "a magic marker" 37535: genocided class v 37536: genocided class e 39429: bribed Asmodeus with 622 zorkmids for safe passage 39549: genocided class R 40088: killed Juiblex 40287: bribed Baalzebub with 1504 zorkmids for safe passage 41748: wished for "marker", got "a magic marker" 41870: killed Yeenoghu 41871: killed the invisible Orcus 42608: destroyed Vlad the Impaler 42610: acquired the Candelabrum of Invocation 43707: killed the invisible Wizard of Yendor 43708: acquired the Book of the Dead 44049: killed the Wizard of Yendor (2nd time) 44141: performed the invocation 44288: killed the high priest of Moloch 44291: acquired The Amulet of Yendor 44414: killed the invisible Wizard of Yendor (3rd time) 45557: killed the Wizard of Yendor (5th time) 46399: entered the Elemental Planes 46399: entered Plane of Earth 46451: entered Plane of Air 46496: found Sunsword carried by a monster 46556: entered Plane of Fire 46607: entered Plane of Water 46739: entered the Astral Plane 46780: killed Famine 46794: ascended Vanquished creatures: Orcus Yeenoghu Juiblex the Wizard of Yendor (9 times) Famine Vlad the Impaler a high cleric 2 mastodons Medusa 2 krakens an iron golem the Cyclops a ki-rin 3 storm giants a glass golem 4 balrogs 3 purple worms 2 gray dragons 3 gold dragons 6 silver dragons 5 red dragons 8 white dragons 2 orange dragons 4 black dragons 2 blue dragons 2 green dragons a yellow dragon 10 minotaurs a jabberwock 4 baluchitheria 2 Angels 3 stone golems 6 Olog-hai 3 Nazgul 5 pit fiends 3 sandestins a hell hound a displacer beast 2 titanotheres a trapper 3 baby yellow dragons 2 guardian nagas 3 genetic engineers a disenchanter 25 vampire leaders 2 skeletons 6 aligned clerics 2 captains 4 shades 2 clay golems 4 nurses 2 ice devils 2 nalfeshnees a lurker above an Aleax 4 frost giants 3 ettins 3 golden nagas 4 black puddings 25 vampires 6 lieutenants 25 ghosts 5 queen bees 2 winged gargoyles 2 giant mimics 3 long worms 5 zruties 4 fire giants 5 ogre tyrants 4 ice trolls 2 rock trolls 4 umber hulks 2 elven monarchs 2 doppelgangers 6 hezrous 15 bone devils a large mimic 2 wumpuses 3 couatls 13 stalkers 6 air elementals 3 fire elementals 2 earth elementals 9 water elementals 7 hill giants a giant mummy 8 xorns 18 giant zombies 3 elf-nobles 20 sergeants 7 barbed devils 8 vrocks 4 salamanders 4 wargs a winter wolf 3 hell hound pups 3 small mimics 2 glass piercers 3 warhorses 10 xans 4 ettin mummies 2 ogre leaders 10 quantum mechanics 8 trolls a sasquatch 2 wood golems 3 erinyes 6 mariliths 7 sharks 4 electric eels 5 gelatinous cubes a pyrolisk 2 large dogs a flaming sphere 4 large cats 2 tigers 6 gargoyles 7 tengu 8 ochre jellies 7 leocrottas an energy vortex 4 mountain centaurs 3 stone giants an elf mummy a red naga 6 pythons 7 pit vipers 5 cobras 37 wraiths 3 carnivorous apes 17 ettin zombies 3 leather golems 4 Grey-elves 54 soldiers 3 watchmen 2 amorous demons 4 horned devils 6 chameleons 2 crocodiles 17 giant beetles 5 quivering blobs 20 cockatrices a winter wolf cub 4 lynxes 3 panthers 9 gremlins a spotted jelly 18 leprechauns 5 orc-captains 6 iron piercers 3 mumakil 6 giant spiders 5 scorpions 5 horses 4 ice vortices 6 black lights 8 vampire bats 2 gnome rulers 3 orc mummies 6 dwarf mummies 6 ogres 3 brown puddings 5 rust monsters 8 owlbears 10 yetis a gold golem 4 werewolves 17 Green-elves 2 piranha 11 giant eels 20 lizards 10 chickatrices 5 dingoes 8 jaguars 2 dwarf leaders 2 blue jellies 4 white unicorns 3 black unicorns 5 ravens 2 plains centaurs 4 gnome mummies 25 snakes 2 apes 12 human zombies 8 rope golems 4 Woodland-elves 11 soldier ants 10 fire ants 5 imps 4 quasits a wood nymph 4 water nymphs 5 mountain nymphs 18 Mordor orcs 23 Uruk-hai 3 orc shamans 9 rock piercers 12 rock moles 3 ponies 2 fog clouds 10 yellow lights 3 shriekers 4 violet fungi 2 gnome leaders 3 gnomish wizards 4 kobold mummies 3 black naga hatchlings a gray ooze 3 barrow wights 14 elf zombies 14 ghouls 6 straw golems 3 paper golems 2 jellyfish 21 giant ants a little dog 10 floating eyes 2 kittens 16 dwarves 4 homunculi 6 kobold leaders 3 kobold shamans 16 hill orcs 28 rothes 24 rabid rats 3 centipedes 3 giant bats 3 Kop Sergeants 5 monkeys 17 orc zombies 13 dwarf zombies 7 wererats 3 werejackals 10 iguanas 109 killer bees 11 acid blobs 2 coyotes 6 gas spores 7 hobbits 30 manes 2 large kobolds 4 hobgoblins 20 giant rats 5 cave spiders 3 brown molds 9 yellow molds 2 green molds 4 red molds 7 gnomes 13 garter snakes 15 gnome zombies 12 geckos 15 jackals 3 foxes 2 kobolds 9 goblins 8 sewer rats 14 grid bugs 5 bats 12 lichens 18 kobold zombies 15 newts 1755 creatures vanquished. Genocided or extinct species: gas spores floating eyes freezing spheres flaming spheres shocking spheres hobbits dwarves bugbears dwarf leaders dwarf rulers mind flayers master mind flayers fog clouds dust vortices ice vortices energy vortices steam vortices fire vortices liches demiliches master liches arch-liches rust monsters disenchanters erinyes (extinct) 24 species genocided. 1 species extinct. Voluntary challenges: You read items or engraved 170 times. You engraved Elbereth 26 times. You genocided 24 types of monsters. You used 5 wishes (1 for an artifact). You did not violate any of the special Sokoban rules. Achievements: You entered the Gnomish Mines. You entered Minetown. You entered a temple. You entered a shop. You attained the rank of Empiric. You read from a Discworld novel. You attained the rank of Embalmer. You entered Sokoban. You attained the rank of Dresser. You completed Sokoban. You defeated Medusa. You entered Gehennom. You attained the rank of Medica ossium. You had the Bell of Opening. You had the Candelabrum of Invocation. You handled the Book of the Dead. You gained access to Moloch's Sanctum. You reached the Elemental Planes. You reached the Astral Plane. You delivered the Amulet of Yendor. You ascended! The Elemental Planes: Astral Plane: <- You are here. A temple to Hermes. Plane of Water: Plane of Fire: Plane of Air: Plane of Earth: The Dungeons of Doom: levels 1 to 27 Level 1: An altar. One way stairs up to The Elemental Planes. Level 2: A fountain. Level 3: A scroll shop, an altar to Hermes. Stairs down to The Gnomish Mines. Level 4: Level 5: "vault" A grave. Level 6: Many fountains. Level 7: "pets" Some fountains, a sink. Stairs up to Sokoban, level 6. Level 8: A fountain. Level 9: A fountain, a sink. Level 10: A fountain. Level 11: A fountain, a grave. Level 12: Level 13: A fountain. Portal to The Quest. Level 14: "boh" Level 15: Level 16: Level 17: A primitive area. Level 18: A fountain. Level 19: Level 20: Some fountains, a grave. Level 21: A fountain. Level 22: "spellbookstash" A temple, a fountain. Level 23: A grave. Level 24: Some graves. Level 25: Level 26: Some fountains, many trees. Level 27: The castle. Connection to Gehennom. Gehennom: levels 28 to 48 Level 28: A temple, many graves. Valley of the Dead. Level 29: Level 30: Level 31: Level 32: A fountain. Level 33: Level 34: Level 35: Level 36: Stairs up to Vlad's Tower, level 35. Level 37: Level 38: Some shops, an altar, some graves. Level 39: "Wizard level" Level 40: Level 41: Level 42: Level 43: Level 44: Level 45: Level 46: Level 47: Level 48: A temple, many graves. Moloch's Sanctum. The Gnomish Mines: levels 4 to 9 Level 4: Level 5: Level 6: Many shops, a temple, some fountains. Level 7: Level 8: "crystal ball on the floor" Level 9: The Quest: levels 1 to 5 Level 1: An altar to Hermes, a throne. Completed quest for Hippocrates. Level 2: Level 3: A temple. Level 4: Level 5: Sokoban: levels 6 up to 3 Level 3: Solved. Level 4: Solved. Level 5: Solved. Level 6: Solved. Vlad's Tower: levels 35 up to 33 Level 33: Level 34: Level 35: Goodbye Zega the Demigoddess... You went to your reward with 1562680 points, The Candelabrum of Invocation (worth 5000 zorkmids and 12500 points) The Eye of the Aethiopica (worth 4000 zorkmids and 10000 points) The Staff of Aesculapius (worth 5000 zorkmids and 12500 points) The Bell of Opening (worth 5000 zorkmids and 12500 points) 2 amulets of life saving (worth 300 zorkmids), 1 amulet of flying (worth 150 zorkmids), and 14136 pieces of gold, after 46794 moves. You were level 15 with a maximum of 249 hit points when you ascended.